 Dungeon Crawl Stone Soup version 0.18.1-47-g9310371 (webtiles) character file.

794 Implojin the Grappler (level 7, -4/66 HPs)
             Began as a Troll Fighter on June 22, 2016.
             Slain by Duvessa
             ... wielding a +4 rapier of draining
              (7 damage)
             ... on level 6 of the Dungeon.
             The game lasted 00:05:15 (458 turns).

Implojin the Grappler (Troll Fighter)                Turns: 458, Time: 00:05:15

Health: -4/66      AC:  5    Str: 25    XL:     7   Next: 58%
Magic:  6/6        EV:  7    Int:  4    God:
Gold:   24         SH:  8    Dex: 11    Spells: 0 memorised, 6 levels left

rFire  . . .     SeeInvis .       - Unarmed
rCold  . . .     Gourm    +     a - +0 robe
rNeg   . . .     Faith    .     b - +0 shield
rPois  .         Spirit   .     (helmet restricted)
rElec  .         Dismiss  .     (no cloak)
rCorr  .         Reflect  .     (gloves unavailable)
SustAt .         Harm     .     (boots unavailable)
MR     .....                    (no amulet)
Stlth  +.........               (no ring)
                                (no ring)

@: heavily drained, not resistant to hostile enchantments, very unstealthy
A: unfitting armour, claws 3, fast metabolism 3, gourmand, regeneration 2,
shaggy fur 1, tough skin 2
a: no special abilities


You were on level 6 of the Dungeon.
You were full.

You visited 1 branch of the dungeon, and saw 6 of its levels.

You collected 24 gold pieces.

Inventory:

Armour
 a - a +0 robe (worn)
 b - a +0 shield (worn)
Scrolls
 i - a scroll of remove curse
Potions
 e - a potion of heal wounds
 f - a potion of degeneration {unknown}
 h - a potion of flight {unknown}
 j - a potion of cure mutation {unknown}
Comestibles
 d - 4 bread rations
 g - 2 beef jerkies


   Skills:
 - Level 2.4(0.9) Fighting
 - Level 2.4(0.9) Dodging
 - Level 2.4(0.9) Shields
 * Level 8.8(7.0) Unarmed Combat


You had 6 spell levels left.
You didn't know any spells.

Dungeon Overview and Level Annotations

Branches:
Dungeon (6/15)
 Temple: D:4-7

Altars:
Elyvilon
Gozag
Kikubaaqudgha

Annotations:
D:6 Duvessa


Innate Abilities, Weirdness & Mutations

You are too large for most types of armour.
You have claws for hands.
Your metabolism is lightning-fast.
You like to eat raw meat.
You heal very quickly.
You are covered in fur (AC +1).
You have very tough skin (AC +2).


Message History

Drink which item? (? for menu, Esc to quit)
Okay, then.
Press: ? - help, v - describe, . - travel An open door.
Drink which item? (? for menu, Esc to quit)
You feel better.
Duvessa rages.
You claw Duvessa!
Duvessa is moderately wounded.
Duvessa hits you with a rapier of draining!
You feel drained.
Unknown command.
Read which item? (? for menu, Esc to quit)
Okay, then.
Drink which item? (? for menu, Esc to quit)
Okay, then.
Enter note: asdgfg You scratch Duvessa.
Duvessa is moderately wounded.
Duvessa hits you with a rapier of draining!
* * * LOW HITPOINT WARNING * * *
You feel drained.
* * * LOW HITPOINT WARNING * * *
You block Duvessa's attack.
Unknown command.
Your shield prevents you from hitting Duvessa.
Duvessa is moderately wounded.
You block Duvessa's attack.
You scratch Duvessa.
Duvessa is heavily wounded.
Duvessa hits you with a rapier of draining!
* * * LOW HITPOINT WARNING * * *
You feel drained.
* * * LOW HITPOINT WARNING * * *
You mangle Duvessa!!
Duvessa is almost dead.
Duvessa hits you with a rapier of draining!
* * * LOW HITPOINT WARNING * * *
You feel drained.
You die...

###########
.........>#
..........# ..
..........# ...
#######)..#
...##....##e..#
.........#@...######
#.....(...'.........#
#.........#.........#
#...##....##........#
#...##....##.......)#
#.........#.........#
#.........#.........#
#......<..#....##...#
#....<....#....# ...#


You could see Duvessa (berserk).

Vanquished Creatures
  Pikel (D:4)
  Edmund (D:4)
  A slave (D:4)
  Dowan (D:6)
  A hound (D:6)
  An orc priest (D:4)
  An iguana (D:3)
  2 worker ants (D:4)
  2 adders (D:5)
  A giant gecko (D:6)
  2 orcs (D:4)
  A bat (D:2)
  3 giant cockroaches
  A hobgoblin (D:2)
  4 jackals (D:2)
  A giant gecko skeleton (D:5)
  2 kobolds
26 creatures vanquished.

Notes
Turn   | Place    | Note
--------------------------------------------------------------
     0 | D:1      | Implojin the Troll Fighter began the quest for the Orb.
     0 | D:1      | Reached XP level 1. HP: 22/22 MP: 0/0
    93 | D:2      | Reached XP level 2. HP: 29/29 MP: 1/1
   141 | D:3      | Reached skill level 3 in Unarmed Combat
   141 | D:3      | Reached XP level 3. HP: 36/36 MP: 2/2
   158 | D:5      | Entered Level 5 of the Dungeon
   180 | D:4      | Reached skill level 4 in Unarmed Combat
   189 | D:4      | Found a white marble altar of Elyvilon.
   198 | D:4      | Reached XP level 4. HP: 19/44 MP: 3/3
   234 | D:4      | Reached skill level 5 in Unarmed Combat
   242 | D:4      | Noticed Pikel
   242 | D:4      | Noticed a slave
   242 | D:4      | Noticed a slave
   243 | D:4      | Noticed a slave
   243 | D:4      | Noticed a slave
   247 | D:4      | Killed a slave
   253 | D:4      | Killed Pikel
   253 | D:4      | Reached skill level 7 in Unarmed Combat
   253 | D:4      | Reached XP level 5. HP: 39/50 MP: 4/4
   253 | D:4      | Reached XP level 6. HP: 46/59 MP: 5/5
   253 | D:4      | Reached XP level 7. HP: 52/66 MP: 6/6
   269 | D:4      | Found an ancient bone altar of Kikubaaqudgha.
   269 | D:4      | Noticed Edmund
   274 | D:4      | Killed Edmund
   274 | D:4      | Reached skill level 8 in Unarmed Combat
   408 | D:5      | Found an opulent altar of Gozag.
   441 | D:6      | Noticed Dowan
   449 | D:6      | Killed Dowan
   450 | D:6      | Noticed Duvessa
   455 | D:6      | asdgfg
   458 | D:6      | HP: 3/66 [Duvessa/rapier of draining (14)]
   458 | D:6      | Slain by Duvessa

Skill      XL: |  1  2  3  4  5  6  7 |
---------------+----------------------+-----
Unarmed Combat | 3 4 7 8 |  8.8
Fighting       | |  2.4
Dodging        | |  2.4
Shields        | |  2.4

Action                   |  1- 3 |  4- 6 |  7- 9 || total
-------------------------+-------+-------+-------++-------
Melee: Unarmed           |    36 |    16 |    28 ||    80
  Use: Scroll            |     2 |       |     2 ||     4
       Potion            |       |     2 |     1 ||     3
  Eat: Chunk             |     6 |     1 |       ||     7
Armor: Robe              |    10 |     3 |     8 ||    21
Dodge: Dodged            |    16 |     2 |     8 ||    26
Block: Shield            |    10 |     3 |    12 ||    25

Table legend:
 A = Turns spent in this place as a percentage of turns spent in the entire game.
 B = Non-inter-level travel turns spent in this place as a percentage of non-inter-level travel turns spent in the entire game.
 C = Inter-level travel turns spent in this place as a percentage of turns spent in this place.
 D = Turns resting spent in this place as a percentage of non-inter-level travel turns spent in this place.
 E = Turns spent auto-exploring this place as a percentage of non-inter-level travel turns spent in this place.
 F = Non-inter-level travel turns spent in this place divided by the number of levels of this place that you've seen.
                   A       B       C       D       E      F
               +-------+-------+-------+-------+-------+----------------------
         Total | 100.0 | 100.0 |   0.0 |   0.0 |   0.0 |  75.8
       Dungeon | 100.0 | 100.0 |   0.0 |   0.0 |   0.0 |  75.8
               +-------+-------+-------+-------+-------+----------------------

Table legend:
 A = Kills in this place as a percentage of kills in entire the game.
 B = Kills by you in this place as a percentage of kills by you in the entire game.
 C = Kills by friends in this place as a percentage of kills by friends in the entire game.
 D = Other kills in this place as a percentage of other kills in the entire game.
 E = Experience gained in this place as a percentage of experience gained in the entire game.
 F = Experience gained in this place divided by the number of levels of this place that you have seen.
                   A       B       C       D       E      F
               +-------+-------+-------+-------+-------+----------------------
         Total | 100.0 | 100.0 |  -nan |  -nan | 100.0 | 189.2
       Dungeon | 100.0 | 100.0 |  -nan |  -nan | 100.0 | 189.2
               +-------+-------+-------+-------+-------+----------------------
